Map: Hardwire LE

Players

herO - Winner!

  • Race: Protoss Protoss

Lambo

  • Race: Zerg Zerg

Event: TSL 8

VOD

Have the link to the VOD?

Description

Time

  • Played on: Dec. 4, 2021, 9:03 a.m.
  • Length: 13:25

All games in this series

Show
View Real Time Build Order
Export as new Build Order

herO Protoss - Winner!

Build Orders: 1 Gate Expand, Mass Adepts 

Get SALT Encoding   

  12  0:00  Probe  
  13  0:13  Pylon  
  13  0:17  Probe (Chrono Boost)  
  14  0:27  Probe (Chrono Boost)  
  15  0:32  Probe (Chrono Boost)  
  16  0:38  Gateway  
  16  0:44  Probe  
  16  0:47  Assimilator  
  17  0:56  Probe  
  18  1:08  Probe  
  19  1:20  Probe  
  20  1:27  Nexus  
  20  1:37  Cybernetics Core  
  20  1:39  Probe  
  21  1:46  Assimilator  
  21  1:51  Probe  
  22  1:56  Pylon  
  22  2:03  Probe  
  23  2:11  Adept (Chrono Boost)  
  25  2:15  Probe  
  25  2:22  Twilight Council, Warp Gate (Chrono Boost)  
  26  2:28  Probe  
  27  2:31  Adept (Chrono Boost)  
  29  2:38  Probe  
  29  2:40  Probe  
  31  2:51  Probe  
  32  2:52  Probe  
  32  2:53  Adept  
  32  2:55  Resonating Glaives (Chrono Boost)  
  35  3:08  Gateway  
  35  3:12  Probe x2  
  37  3:18  Gateway  
  37  3:24  Gateway  
  37  3:28  Adept  
  37  3:33  Probe x2  
  41  3:38  Pylon  
  41  3:45  Probe x2  
  39  3:51  Assimilator  
  39  3:53  Assimilator  
  39  3:57  Probe x2  
  41  4:03  Adept  
  41  4:06  Adept  
  41  4:09  Probe x2  
  47  4:13  Adept  
  47  4:15  Pylon  
  49  4:24  Adept x2  
  49  4:29  Probe  
  54  4:32  Pylon x2  
  54  4:33  Probe  
  55  4:42  Adept x2  
  53  4:46  Adept x2  
  53  4:48  Probe x2  
  57  4:57  Stargate x2  
  57  5:09  Adept x3  
  57  5:11  Adept  
  57  5:17  Probe x2  
  53  5:29  Stalker  
  53  5:33  Adept x3  
  61  5:35  Protoss Air Weapons Level 1  
  61  5:37  Pylon  
  61  5:43  Phoenix (Chrono Boost)  
  61  5:44  Phoenix (Chrono Boost)  
  65  5:59  Phoenix (Chrono Boost)  
  65  6:00  Phoenix (Chrono Boost)  
  65  6:04  Adept x3  
  71  6:10  Pylon  
  75  6:21  Phoenix (Chrono Boost)  
  75  6:22  Phoenix (Chrono Boost)  
  79  6:35  Pylon  
  79  6:38  Phoenix  
  81  6:40  Phoenix  
  81  6:42  Pylon  
  81  6:44  Adept x3  
  89  6:47  Adept  
  91  6:55  Forge  
  91  7:03  Phoenix  
  91  7:05  Phoenix  
  87  7:17  Probe x2  
  77  7:28  Adept, Phoenix  
  77  7:29  Adept x3, Probe x2  
  87  7:34  Photon Cannon  
  87  7:35  Shield Battery  
  87  7:37  Pylon  
  87  7:40  Phoenix  
  89  7:52  Adept x2  
  89  7:55  Phoenix, Pylon  
  95  8:05  Phoenix  
  96  8:20  Phoenix  
  98  8:29  Probe x2  
  98  8:30  Phoenix  
  96  8:42  Adept x2  
  96  8:43  Nexus  
  96  8:46  Phoenix  
  103  8:48  Probe x2  
  106  8:57  Robotics Facility  
  106  8:58  Protoss Ground Weapons Level 1 (Chrono Boost)  
  106  9:01  Twilight Council  
  104  9:06  Adept x2, Probe x2  
  110  9:10  Pylon  
  110  9:16  Gateway x2  
  110  9:23  Gateway  
  110  9:32  Shield Battery  
  110  9:37  Blink  
  110  9:45  Adept x4  
  106  10:15  Immortal (Chrono Boost)  
  106  10:20  Robotics Bay  
  108  10:22  Adept x7  
  118  10:32  Assimilator  
  118  10:33  Assimilator, Probe x2  
  118  10:34  Probe  
  121  10:38  Robotics Facility  
  121  10:42  Pylon  
  121  10:44  Gateway  
  122  10:50  Observer  
  122  10:52  Probe x3  
  122  10:56  Sentry, Pylon  
  127  10:57  Sentry x2  
  127  11:03  Zealot x3  
  131  11:22  Colossus (Chrono Boost)  
  131  11:23  Colossus (Chrono Boost)  
  117  11:41  Photon Cannon  
  117  11:43  Shield Battery  
  117  11:44  Stalker x4  
  125  12:06  Colossus x2 (Chrono Boost)  
  123  12:15  Stalker x2, Zealot x3  
  140  12:20  Pylon  
  140  12:21  Pylon  
  144  12:26  Stalker  
  144  12:27  Stalker  
  148  12:41  Stalker x3  
  148  12:42  Stalker  
  152  12:57  Stalker x4  
Show
View Real Time Build Order
Export as new Build Order

Lambo Zerg 

Build Orders: Hatch First 

Get SALT Encoding   

  12  0:00  Drone  
  13  0:12  Overlord  
  13  0:18  Drone  
  14  0:31  Drone x2  
  16  0:44  Drone  
  17  0:51  Hatchery  
  17  0:55  Drone  
  17  0:58  Drone  
  18  1:09  Extractor  
  17  1:14  Spawning Pool  
  17  1:17  Drone  
  17  1:20  Drone  
  18  1:28  Drone  
  19  1:39  Drone  
  20  1:53  Overlord  
  20  2:00  Queen  
  22  2:06  Drone, Queen  
  22  2:07  Zergling x2  
  26  2:12  Metabolic Boost  
  26  2:15  Drone  
  27  2:16  Zergling x2  
  27  2:22  Drone  
  29  2:25  Drone  
  30  2:35  Hatchery  
  29  2:37  Drone  
  29  2:39  Drone  
  31  2:46  Queen  
  33  2:51  Overlord  
  33  2:55  Drone  
  34  2:59  Drone  
  35  3:05  Spore Crawler  
  35  3:10  Zergling x2  
  35  3:12  Drone  
  37  3:13  Zergling x2  
  37  3:14  Zergling x2  
  37  3:15  Overlord  
  37  3:16  Queen  
  37  3:19  Drone x2  
  43  3:24  Drone  
  43  3:25  Overlord  
  44  3:37  Drone x4  
  47  3:41  Drone x2  
  47  3:42  Drone x2  
  47  3:46  Queen  
  53  3:51  Queen  
  53  3:54  Drone x2  
  57  4:00  Drone x2  
  59  4:07  Spore Crawler  
  59  4:08  Zergling x4  
  59  4:09  Zergling x2  
  61  4:11  Drone, Roach Warren  
  61  4:14  Zergling x4  
  63  4:17  Spore Crawler  
  63  4:18  Drone  
  63  4:20  Zergling x4  
  65  4:27  Overlord  
  65  4:28  Overlord  
  65  4:30  Overlord  
  65  4:34  Spine Crawler  
  64  4:43  Zergling x8  
  64  4:45  Zergling x6  
  67  4:51  Zergling x4, Spine Crawler  
  65  4:53  Extractor  
  65  4:56  Roach  
  66  5:00  Roach x3  
  66  5:03  Roach x2  
  75  5:08  Roach  
  75  5:13  Roach  
  72  5:21  Zergling x16  
  72  5:26  Zergling x2  
  81  5:34  Drone x5  
  81  5:35  Spore Crawler  
  85  5:36  Spore Crawler  
  85  5:38  Extractor  
  83  5:44  Drone x2  
  83  5:45  Drone, Lair  
  83  5:48  Drone x2  
  87  5:50  Evolution Chamber, Extractor  
  87  5:51  Overlord  
  87  5:52  Overlord  
  87  5:55  Overlord  
  85  5:58  Overlord  
  85  5:59  Overlord  
  85  6:02  Overlord  
  85  6:07  Overlord  
  85  6:11  Roach x5  
  95  6:14  Roach  
  97  6:22  Zerg Missile Weapons Level 1  
  97  6:24  Roach  
  97  6:25  Roach x2  
  103  6:28  Zergling x6  
  106  6:34  Zergling x8  
  106  6:36  Overlord  
  108  6:40  Overlord  
  108  6:47  Hydralisk Den, Overseer  
  108  6:50  Drone x4  
  110  6:58  Spore Crawler  
  110  7:00  Drone x4  
  113  7:01  Drone  
  113  7:06  Drone x3  
  116  7:10  Drone x3  
  116  7:12  Drone  
  110  7:17  Grooved Spines  
  110  7:20  Drone x4  
  110  7:21  Drone  
  107  7:24  Drone x2  
  107  7:30  Spore Crawler  
  107  7:31  Drone x3  
  107  7:34  Drone  
  107  7:35  Queen  
  110  7:39  Spore Crawler  
  110  7:40  Spore Crawler  
  110  7:41  Drone x2  
  111  7:44  Drone  
  111  7:45  Glial Reconstitution  
  107  7:52  Queen x2  
  107  7:54  Drone x2  
  107  7:56  Extractor x2  
  105  8:02  Roach x4  
  109  8:08  Roach x2  
  109  8:12  Roach x2  
  108  8:17  Roach x4  
  114  8:26  Roach x2  
  114  8:27  Roach  
  102  8:37  Roach x3  
  101  8:51  Spore Crawler  
  101  8:53  Queen, Spore Crawler  
  101  8:55  Overlord  
  99  8:59  Drone x3  
  102  9:04  Drone  
  102  9:07  Hydralisk x4  
  109  9:13  Hydralisk x2  
  113  9:18  Hydralisk  
  113  9:19  Hydralisk  
  113  9:21  Overlord  
  117  9:25  Overlord  
  117  9:30  Overlord  
  117  9:35  Overlord  
  112  9:56  Queen  
  105  10:00  Queen  
  102  10:07  Hydralisk x3  
  102  10:10  Overlord x2  
  102  10:18  Hydralisk x3  
  98  10:26  Overlord  
  98  10:27  Overlord x2  
  98  10:30  Overlord x2  
  98  10:33  Overlord  
  98  10:34  Overlord  
  98  10:38  Infestation Pit  
  97  10:49  Hydralisk x7  
  105  10:53  Muscular Augments  
  105  10:55  Zerg Missile Weapons Level 2  
  109  10:57  Roach  
  109  11:03  Roach x3  
  117  11:06  Hydralisk  
  117  11:07  Hydralisk  
  117  11:10  Roach  
  123  11:17  Hydralisk x3  
  123  11:22  Hydralisk x2  
  113  11:26  Hydralisk x2  
  113  11:30  Hydralisk  
  119  11:35  Hydralisk x2  
  118  11:41  Hydralisk x2  
  118  11:43  Overseer  
  118  11:44  Hydralisk  
  124  11:47  Hydralisk  
  124  11:55  Hydralisk  
  124  12:04  Overlord  
  124  12:05  Overlord  
  119  12:14  Hydralisk  
  120  12:15  Roach  
  120  12:17  Zergling x20  
  120  12:22  Roach x2  
  134  12:25  Roach  
  134  12:28  Roach  
  138  12:31  Roach  
  140  12:40  Roach x3  
  140  12:45  Roach  
  140  12:46  Roach  
  140  12:50  Roach  
  142  12:51  Ravager  
  142  12:52  Ravager  
  142  12:56  Ravager, Roach  
  141  12:59  Zergling x2  
  127  13:06  Roach x2  
Tags
 
Add a new tag
Caveats
  • Supply blocks, unpowered buildings, or Contaminate may cause inaccurate times.
  • Supply counts are checked every 10 seconds.